[ AOE2 MATCH · #464896166 ]
Team RMSaracens vs Franks
[ REPLAY ANALYSIS · EXTRACTED FROM THE RECORDED GAME ]
Feudal
11:16
Castle
21:52
Imperial
48:28
| APM avg | 32.3 |
| APM peak | 74 |
| eAPM avg | 18.1 |
| Villagers / military | 117 / 193 |
Focus
⚔️ 24.1% · 🌾 75.9%
Archer ×167 · Trade Cart ×18 · Mameluke ×17 · Skirmisher ×3 · Battering Ram ×3 · Spearman ×2
Feudal
11:02
Castle
20:19
Imperial
—
| APM avg | 14.1 |
| APM peak | 42 |
| eAPM avg | 9.0 |
| Villagers / military | 103 / 65 |
Focus
⚔️ 23.2% · 🌾 76.8%
Knight ×52 · Scout Cavalry ×5 · Konnik ×4 · Fishing Ship ×4 · Fire Galley ×2 · Battering Ram ×2
Feudal
12:42
Castle
22:15
Imperial
43:14
| APM avg | 12.2 |
| APM peak | 35 |
| eAPM avg | 9.6 |
| Villagers / military | 96 / 131 |
Focus
⚔️ 29.1% · 🌾 70.9%
Spearman ×82 · Scout Cavalry ×20 · Serjeant ×15 · Trade Cart ×10 · Trebuchet (Packed) ×6 · Knight ×5
Feudal
—
Castle
—
Imperial
—
| APM avg | 25.6 |
| APM peak | 84 |
| eAPM avg | 12.7 |
| Villagers / military | 98 / 125 |
Focus
⚔️ 38.9% · 🌾 61.1%
Knight ×108 · Unknown (2626) ×8 · Fishing Ship ×7 · Scorpion ×6 · Scout Cavalry ×6 · Galley ×2
Feudal
12:28
Castle
18:30
Imperial
32:50
| APM avg | 32.0 |
| APM peak | 70 |
| eAPM avg | 16.4 |
| Villagers / military | 68 / 107 |
Focus
⚔️ 27.3% · 🌾 72.7%
Mangudai ×93 · Trade Cart ×13 · Fishing Ship ×8 · Trebuchet (Packed) ×8 · Monk ×2 · Galley ×2
Feudal
11:48
Castle
18:05
Imperial
33:33
| APM avg | 12.1 |
| APM peak | 68 |
| eAPM avg | 6.7 |
| Villagers / military | 84 / 12 |
Focus
⚔️ 16.9% · 🌾 83.1%
Knight ×9 · Spearman ×3 · Fishing Ship ×3
Match map
Initial resources + every placement click. Lines = walls · curves = elevation contours. ◆ gold · ⬟ stone · ● berries · ✦ relic · ◌ wall gap
Your base· Open — 12t gap
El Fantástico Ralph's base· Open — unwalled flank
Bydeath's base· Open — unwalled flank
moro2112's base· Open — unwalled flank
Bristlak z teba narobi pretlak's base· Open — unwalled flank
monchitopsico's base· Open — unwalled flank
Smoothed initial terrain · ◌ = detected wall gap · hover for details
Inputs per minute
— masPoChlebe - - El Fantástico Ralph
Build order — masPoChlebe
First 150 of 331 actions detected
| 0:02 | Create | Villager (Male) |
| 0:02 | Create | Villager (Male) |
| 0:04 | Build | House |
| 0:06 | Build | House |
| 0:11 | Create | Villager (Male) |
| 0:36 | Create | Villager (Male) |
| 1:34 | Research | Loom |
| 1:49 | Create | Villager (Male) |
| 2:22 | Create | Villager (Male) |
| 2:44 | Create | Villager (Male) |
| 3:04 | Create | Villager (Male) |
| 3:19 | Create | Villager (Male) |
| 3:44 | Build | Mill |
| 4:10 | Build | House |
| 4:31 | Create | Villager (Male) |
| 4:59 | Build | Lumber Camp |
| 5:05 | Create | Villager (Male) |
| 5:12 | Create | Villager (Male) |
| 5:47 | Create | Villager (Male) |
| 6:35 | Create | Villager (Male) |
| 6:42 | Create | Villager (Male) |
| 6:52 | Build | House |
| 7:27 | Create | Villager (Male) |
| 7:49 | Build | Barracks |
| 7:52 | Build | House |
| 7:59 | Create | Villager (Male) |
| 9:06 | Research | Feudal Age |
| 9:07 | Create | Villager (Male) |
| 9:08 | Create | Villager (Male) |
| 9:33 | Build | Mining Camp |
| 10:21 | Build | Mill |
| 10:39 | Create | Villager (Male) |
| 11:16 | Age | Feudal Age |
| 11:30 | Build | Archery Range |
| 11:36 | Research | Double-Bit Axe |
| 11:39 | Research | Horse Collar |
| 11:58 | Create | Villager (Male) |
| 12:02 | Create | Spearman |
| 12:03 | Create | Spearman |
| 12:31 | Create | Archer |
| 12:31 | Create | Archer |
| 12:31 | Create | Archer |
| 12:49 | Build | Palisade Wall |
| 12:54 | Build | Palisade Wall |
| 12:58 | Build | Palisade Wall |
| 13:03 | Create | Archer |
| 13:03 | Create | Archer |
| 13:11 | Build | House |
| 13:13 | Build | House |
| 13:25 | Create | Villager (Male) |
| 13:33 | Create | Villager (Male) |
| 13:51 | Build | Archery Range |
| 13:53 | Create | Archer |
| 13:53 | Create | Archer |
| 14:01 | Create | Villager (Male) |
| 14:19 | Build | Market |
| 14:54 | Create | Archer |
| 14:55 | Create | Archer |
| 15:12 | Create | Villager (Male) |
| 15:12 | Create | Villager (Male) |
| 15:14 | Create | Villager (Male) |
| 15:21 | Create | Archer |
| 15:21 | Create | Archer |
| 15:39 | Build | Blacksmith |
| 15:52 | Create | Villager (Male) |
| 15:52 | Create | Villager (Male) |
| 16:18 | Build | Lumber Camp |
| 16:19 | Create | Archer |
| 16:19 | Create | Archer |
| 16:19 | Create | Archer |
| 16:20 | Create | Archer |
| 16:25 | Create | Archer |
| 16:25 | Create | Archer |
| 16:33 | Build | House |
| 16:35 | Build | House |
| 16:46 | Build | House |
| 16:47 | Build | House |
| 17:06 | Build | Farm |
| 17:06 | Build | Farm |
| 17:07 | Build | Farm |
| 17:07 | Build | Farm |
| 17:23 | Create | Archer |
| 17:31 | Build | Mining Camp |
| 17:38 | Research | Fletching |
| 17:44 | Create | Archer |
| 17:44 | Create | Archer |
| 18:05 | Build | Palisade Wall |
| 18:18 | Build | Palisade Wall |
| 18:24 | Build | Palisade Wall |
| 18:26 | Build | Palisade Wall |
| 18:40 | Create | Archer ×4 |
| 18:41 | Create | Archer ×4 |
| 19:12 | Research | Castle Age |
| 19:23 | Create | Archer |
| 19:23 | Create | Archer |
| 19:23 | Create | Archer |
| 19:44 | Build | Palisade Gate |
| 19:50 | Create | Archer ×3 |
| 20:13 | Build | Palisade Gate |
| 20:23 | Create | Villager (Male) |
| 20:23 | Create | Villager (Male) |
| 20:23 | Create | Villager (Male) |
| 20:35 | Build | House |
| 20:36 | Build | House |
| 20:37 | Build | House |
| 20:42 | Create | Archer ×5 |
| 20:43 | Create | Archer ×5 |
| 20:43 | Create | Archer |
| 20:48 | Build | House |
| 21:38 | Build | Mining Camp |
| 21:39 | Create | Villager (Male) |
| 21:39 | Create | Villager (Male) |
| 21:52 | Create | Archer ×5 |
| 21:52 | Create | Archer ×3 |
| 21:52 | Age | Castle Age |
| 22:16 | Create | Archer ×3 |
| 22:33 | Create | Archer |
| 22:34 | Create | Archer |
| 22:39 | Create | Villager (Male) |
| 22:39 | Create | Villager (Male) |
| 23:24 | Create | Archer |
| 23:25 | Create | Archer |
| 23:25 | Create | Archer |
| 23:47 | Create | Archer ×5 |
| 23:47 | Create | Archer ×5 |
| 24:25 | Create | Archer ×4 |
| 24:52 | Research | Crossbowman (upgrade) |
| 25:23 | Create | Archer ×3 |
| 25:23 | Create | Archer ×3 |
| 26:10 | Create | Archer ×5 |
| 26:10 | Create | Archer ×5 |
| 26:24 | Create | Skirmisher ×3 |
| 26:32 | Create | Archer |
| 26:32 | Create | Archer |
| 26:49 | Build | Farm |
| 26:49 | Build | Farm |
| 26:49 | Build | Farm |
| 26:57 | Create | Villager (Male) |
| 26:58 | Create | Villager (Male) |
| 27:07 | Create | Villager (Male) |
| 27:07 | Create | Villager (Male) |
| 27:07 | Create | Villager (Male) |
| 27:08 | Create | Villager (Male) |
| 27:08 | Create | Villager (Male) |
| 27:42 | Build | Farm |
| 27:44 | Create | Villager (Male) |
| 27:44 | Create | Villager (Male) |
| 28:06 | Build | Town Center |
| 28:16 | Create | Villager (Male) |
| 28:16 | Create | Villager (Male) |
Build order — El Fantástico Ralph
First 150 of 272 actions detected
| 0:04 | Build | House |
| 0:05 | Create | Villager (Male) |
| 0:05 | Create | Villager (Male) |
| 0:06 | Create | Villager (Male) |
| 0:07 | Build | House |
| 1:13 | Create | Villager (Male) |
| 1:43 | Create | Villager (Male) |
| 2:15 | Create | Villager (Male) |
| 2:33 | Create | Villager (Male) |
| 2:47 | Build | Lumber Camp |
| 3:05 | Create | Villager (Male) |
| 3:11 | Build | House |
| 3:12 | Build | House |
| 3:23 | Create | Villager (Male) |
| 4:17 | Create | Villager (Male) |
| 4:17 | Create | Villager (Male) |
| 4:38 | Research | Loom |
| 5:29 | Create | Villager (Male) |
| 5:55 | Create | Villager (Male) |
| 6:17 | Create | Villager (Male) |
| 6:26 | Build | Mill |
| 6:30 | Create | Villager (Male) |
| 6:59 | Create | Villager (Male) |
| 7:00 | Create | Villager (Male) |
| 7:17 | Build | Lumber Camp |
| 7:41 | Build | House |
| 7:43 | Build | House |
| 7:46 | Create | Villager (Male) |
| 7:46 | Create | Villager (Male) |
| 8:07 | Build | Mill |
| 8:48 | Research | Feudal Age |
| 8:48 | Research | Feudal Age |
| 9:01 | Create | Villager (Male) |
| 9:16 | Build | Dock |
| 10:11 | Create | Villager (Male) |
| 10:16 | Create | Fishing Ship |
| 10:16 | Create | Fishing Ship |
| 11:02 | Age | Feudal Age |
| 11:11 | Research | Horse Collar |
| 11:14 | Research | Double-Bit Axe |
| 11:32 | Create | Villager (Male) |
| 12:06 | Create | Villager (Male) |
| 12:11 | Build | Farm |
| 12:12 | Build | Farm |
| 12:14 | Build | Farm |
| 12:23 | Create | Villager (Male) |
| 12:48 | Create | Villager (Male) |
| 12:54 | Build | Farm |
| 12:58 | Build | Farm |
| 13:00 | Build | Farm |
| 13:22 | Build | Mining Camp |
| 13:25 | Create | Villager (Male) |
| 13:48 | Create | Villager (Male) |
| 13:54 | Build | House |
| 13:57 | Build | House |
| 14:00 | Create | Villager (Male) |
| 14:04 | Build | Farm |
| 14:28 | Create | Fishing Ship |
| 14:49 | Create | Villager (Male) |
| 14:56 | Build | Barracks |
| 15:09 | Create | Villager (Male) |
| 15:22 | Create | Villager (Male) |
| 15:29 | Build | House |
| 15:39 | Research | Town Watch |
| 15:43 | Research | Wheelbarrow |
| 16:07 | Build | Market |
| 16:26 | Create | Villager (Male) |
| 16:27 | Create | Villager (Male) |
| 16:34 | Build | Blacksmith |
| 17:09 | Research | Gold Mining |
| 17:10 | Research | Stone Mining |
| 17:31 | Build | Mining Camp |
| 17:36 | Research | Castle Age |
| 17:44 | Research | Forging |
| 17:45 | Research | Scale Barding Armor |
| 17:53 | Create | Villager (Male) |
| 17:53 | Create | Villager (Male) |
| 18:18 | Build | Stable |
| 18:40 | Create | Fishing Ship |
| 19:11 | Build | Stable |
| 19:28 | Research | Bloodlines |
| 20:03 | Create | Scout Cavalry |
| 20:12 | Build | Stable |
| 20:19 | Age | Castle Age |
| 20:21 | Build | Lumber Camp |
| 20:22 | Create | Villager (Male) |
| 20:31 | Create | Knight |
| 20:35 | Research | Husbandry |
| 20:43 | Research | Iron Casting |
| 20:53 | Build | Farm |
| 20:54 | Build | Farm |
| 20:55 | Build | Farm |
| 21:12 | Create | Villager (Male) |
| 21:25 | Build | House |
| 21:28 | Build | House |
| 21:32 | Research | Light Cavalry (upgrade) |
| 21:33 | Create | Scout Cavalry |
| 21:34 | Create | Scout Cavalry |
| 21:50 | Build | Farm |
| 21:52 | Build | Farm |
| 21:57 | Create | Villager (Male) |
| 21:57 | Create | Villager (Male) |
| 22:03 | Build | House |
| 22:04 | Build | House |
| 22:12 | Create | Scout Cavalry |
| 22:13 | Create | Scout Cavalry |
| 22:38 | Build | Siege Workshop |
| 23:37 | Build | Mining Camp |
| 23:38 | Create | Villager (Male) |
| 23:38 | Create | Villager (Male) |
| 23:39 | Create | Villager (Male) |
| 23:47 | Build | Castle |
| 23:58 | Create | Villager (Male) |
| 23:58 | Create | Villager (Male) |
| 23:59 | Create | Villager (Male) |
| 24:02 | Create | Villager (Male) |
| 24:02 | Create | Villager (Male) |
| 24:03 | Create | Villager (Male) |
| 24:03 | Create | Villager (Male) |
| 24:23 | Create | Villager (Male) |
| 24:23 | Create | Villager (Male) |
| 24:48 | Create | Villager (Male) |
| 25:05 | Build | House |
| 25:06 | Build | House |
| 25:33 | Create | Villager (Male) |
| 25:34 | Create | Villager (Male) |
| 25:35 | Create | Villager (Male) |
| 25:35 | Create | Villager (Male) |
| 25:53 | Create | Konnik |
| 25:54 | Create | Konnik |
| 25:56 | Create | Konnik |
| 26:26 | Create | Villager (Male) |
| 26:26 | Create | Villager (Male) |
| 26:57 | Create | Villager (Male) |
| 26:57 | Create | Villager (Male) |
| 27:14 | Create | Villager (Male) |
| 27:15 | Create | Villager (Male) |
| 27:25 | Create | Villager (Male) |
| 27:50 | Build | House |
| 27:54 | Create | Konnik |
| 28:07 | Create | Battering Ram |
| 29:26 | Create | Knight |
| 29:26 | Create | Knight |
| 29:27 | Create | Knight |
| 29:55 | Create | Knight |
| 30:53 | Create | Villager (Male) |
| 31:03 | Build | Town Center |
| 31:05 | Create | Villager (Male) |
| 31:05 | Create | Villager (Male) |
| 31:27 | Create | Knight |
Build order — Bydeath
First 150 of 325 actions detected
| 0:04 | Build | House |
| 0:06 | Build | House |
| 0:10 | Create | Villager (Male) |
| 0:11 | Create | Villager (Male) |
| 0:11 | Create | Villager (Male) |
| 0:11 | Create | Villager (Male) |
| 0:13 | Research | Loom |
| 2:07 | Create | Villager (Male) |
| 2:09 | Create | Villager (Male) |
| 3:10 | Create | Villager (Male) |
| 3:12 | Create | Villager (Male) |
| 3:52 | Create | Villager (Male) |
| 4:04 | Build | Lumber Camp |
| 4:09 | Build | Lumber Camp |
| 4:11 | Create | Villager (Male) |
| 4:33 | Build | House |
| 5:44 | Create | Villager (Male) |
| 5:45 | Create | Villager (Male) |
| 5:45 | Create | Villager (Male) |
| 6:25 | Build | Mill |
| 6:37 | Create | Villager (Male) |
| 7:35 | Create | Villager (Male) |
| 7:35 | Create | Villager (Male) |
| 7:36 | Create | Villager (Male) |
| 7:38 | Create | Villager (Male) |
| 7:44 | Build | House |
| 7:45 | Build | House |
| 8:55 | Build | Mining Camp |
| 9:05 | Build | Farm |
| 9:05 | Build | Farm |
| 9:06 | Build | Farm |
| 9:14 | Create | Villager (Male) |
| 9:15 | Create | Villager (Male) |
| 9:55 | Build | Mining Camp |
| 10:07 | Create | Villager (Male) |
| 10:20 | Research | Feudal Age |
| 10:52 | Build | Farm |
| 10:53 | Build | Farm |
| 11:31 | Create | Villager (Male) |
| 11:31 | Create | Villager (Male) |
| 11:46 | Build | Farm |
| 11:56 | Build | Farm |
| 12:08 | Create | Villager (Male) |
| 12:42 | Age | Feudal Age |
| 12:52 | Create | Villager (Male) |
| 12:53 | Create | Villager (Male) |
| 13:14 | Build | Barracks |
| 13:45 | Build | Donjon |
| 13:49 | Create | Villager (Male) |
| 13:55 | Build | House |
| 13:57 | Build | House |
| 14:00 | Build | House |
| 14:15 | Research | Double-Bit Axe |
| 14:39 | Research | Horse Collar |
| 15:06 | Create | Villager (Male) |
| 15:07 | Create | Villager (Male) |
| 15:25 | Build | Blacksmith |
| 15:45 | Build | Farm |
| 15:49 | Build | Farm |
| 16:04 | Build | Farm |
| 16:18 | Build | Farm |
| 16:28 | Build | Farm |
| 16:30 | Create | Villager (Male) |
| 16:35 | Create | Villager (Male) |
| 16:36 | Create | Villager (Male) |
| 17:04 | Build | Lumber Camp |
| 17:30 | Create | Villager (Male) |
| 17:30 | Create | Villager (Male) |
| 17:44 | Build | Market |
| 18:06 | Build | Donjon |
| 18:15 | Create | Serjeant |
| 18:25 | Create | Villager (Male) |
| 18:57 | Research | Stone Mining |
| 19:00 | Research | Gold Mining |
| 19:35 | Research | Castle Age |
| 19:57 | Build | Donjon |
| 20:00 | Create | Serjeant |
| 20:00 | Create | Serjeant |
| 20:01 | Create | Serjeant |
| 20:31 | Create | Spearman |
| 20:31 | Create | Spearman |
| 20:32 | Create | Spearman |
| 20:41 | Create | Spearman |
| 20:42 | Create | Spearman |
| 21:26 | Create | Villager (Male) |
| 21:26 | Create | Villager (Male) |
| 21:26 | Create | Villager (Male) |
| 22:15 | Age | Castle Age |
| 22:35 | Create | Villager (Male) |
| 22:35 | Create | Villager (Male) |
| 22:42 | Research | Pikeman (upgrade) |
| 22:47 | Build | House |
| 22:52 | Research | Wheelbarrow |
| 22:53 | Create | Villager (Male) |
| 22:53 | Create | Villager (Male) |
| 22:54 | Create | Villager (Male) |
| 22:54 | Create | Villager (Male) |
| 22:57 | Build | House |
| 22:58 | Build | House |
| 23:25 | Create | Serjeant ×3 |
| 25:45 | Build | Siege Workshop |
| 26:03 | Create | Villager (Male) |
| 26:03 | Create | Villager (Male) |
| 26:04 | Create | Villager (Male) |
| 26:04 | Create | Villager (Male) |
| 26:04 | Create | Villager (Male) |
| 26:15 | Build | Town Center |
| 26:22 | Build | Farm |
| 26:23 | Build | Farm |
| 26:23 | Build | Farm |
| 26:23 | Build | Farm |
| 26:24 | Build | Farm |
| 26:24 | Build | Farm |
| 26:24 | Build | Farm |
| 26:27 | Create | Villager (Male) |
| 26:28 | Create | Villager (Male) |
| 26:32 | Research | Forging |
| 26:36 | Research | Squires |
| 26:58 | Research | Gambesons |
| 26:58 | Research | Man-at-Arms (upgrade) |
| 27:05 | Create | Villager (Male) |
| 27:05 | Create | Villager (Male) |
| 27:06 | Create | Villager (Male) |
| 27:20 | Build | Donjon |
| 27:31 | Create | Battering Ram |
| 27:31 | Create | Battering Ram |
| 27:31 | Create | Battering Ram |
| 27:39 | Create | Spearman ×5 |
| 27:39 | Create | Spearman ×2 |
| 27:48 | Build | Donjon |
| 28:07 | Create | Villager (Male) |
| 28:07 | Create | Villager (Male) |
| 28:08 | Create | Villager (Male) |
| 28:39 | Build | Mining Camp |
| 28:45 | Create | Villager (Male) |
| 28:56 | Build | Farm |
| 28:57 | Build | Farm |
| 28:57 | Build | Farm |
| 28:57 | Build | Farm |
| 28:57 | Build | Farm |
| 29:03 | Research | Bow Saw |
| 29:06 | Research | Heavy Plow |
| 30:19 | Create | Spearman ×5 |
| 30:19 | Create | Spearman ×5 |
| 31:11 | Create | Villager (Male) |
| 31:11 | Create | Villager (Male) |
| 31:11 | Create | Villager (Male) |
| 31:12 | Create | Villager (Male) |
| 31:12 | Create | Villager (Male) |
| 31:15 | Research | Hand Cart |
Build order — moro2112
First 150 of 362 actions detected
| 0:02 | Create | Villager (Male) |
| 0:02 | Create | Villager (Male) |
| 0:02 | Create | Villager (Male) |
| 0:03 | Create | Villager (Male) |
| 0:06 | Build | House |
| 0:08 | Build | House |
| 1:48 | Create | Villager (Male) |
| 1:53 | Build | Lumber Camp |
| 2:09 | Create | Villager (Male) |
| 2:32 | Create | Villager (Male) |
| 2:55 | Create | Villager (Male) |
| 3:14 | Research | Loom |
| 3:50 | Create | Villager (Male) |
| 3:52 | Create | Villager (Male) |
| 4:23 | Build | House |
| 4:25 | Build | House |
| 4:45 | Create | Villager (Male) |
| 4:45 | Create | Villager (Male) |
| 4:55 | Build | Dock |
| 5:51 | Create | Villager (Male) |
| 5:51 | Create | Villager (Male) |
| 5:58 | Build | Mill |
| 6:30 | Create | Villager (Male) |
| 6:45 | Build | House |
| 6:48 | Create | Fishing Ship |
| 6:52 | Create | Villager (Male) |
| 7:15 | Create | Villager (Male) |
| 7:33 | Create | Fishing Ship |
| 7:59 | Create | Villager (Male) |
| 8:35 | Create | Villager (Male) |
| 8:38 | Research | Feudal Age |
| 9:01 | Build | Lumber Camp |
| 9:18 | Build | Farm |
| 10:26 | Create | Villager (Male) |
| 10:26 | Create | Villager (Male) |
| 11:03 | Create | Galley |
| 11:09 | Create | Villager (Male) |
| 11:13 | Build | Mining Camp |
| 11:36 | Build | Barracks |
| 11:43 | Create | Villager (Male) |
| 11:52 | Build | House |
| 12:00 | Research | Double-Bit Axe |
| 12:10 | Create | Fishing Ship |
| 12:24 | Create | Villager (Male) |
| 12:42 | Build | House |
| 13:11 | Create | Villager (Male) |
| 13:12 | Create | Villager (Male) |
| 13:16 | Create | Galley |
| 13:37 | Build | Stable |
| 13:43 | Create | Villager (Male) |
| 14:16 | Create | Unit 2626 |
| 14:32 | Create | Villager (Male) |
| 14:32 | Create | Villager (Male) |
| 14:39 | Build | Farm |
| 14:53 | Create | Scout Cavalry |
| 14:54 | Create | Scout Cavalry |
| 15:06 | Build | Market |
| 15:08 | Create | Villager (Male) |
| 15:12 | Build | House |
| 15:14 | Build | House |
| 15:16 | Build | House |
| 15:29 | Build | Dock |
| 15:42 | Create | Villager (Male) |
| 15:43 | Research | Town Watch |
| 15:43 | Research | Wheelbarrow |
| 15:53 | Create | Unit 2626 |
| 16:12 | Create | Scout Cavalry |
| 16:42 | Create | Villager (Male) |
| 16:46 | Build | Farm |
| 16:53 | Build | Farm |
| 17:29 | Build | Dock |
| 17:51 | Research | Castle Age |
| 17:59 | Create | Fishing Ship |
| 18:10 | Create | Unit 2626 |
| 18:12 | Create | Unit 2626 |
| 18:21 | Create | Scout Cavalry |
| 18:52 | Create | Scout Cavalry |
| 19:21 | Create | Scout Cavalry |
| 19:41 | Create | Villager (Male) |
| 19:45 | Build | Farm |
| 19:47 | Build | Farm |
| 19:48 | Build | Farm |
| 19:55 | Build | House |
| 19:57 | Create | Unit 2626 |
| 20:47 | Create | Villager (Male) |
| 21:02 | Build | Blacksmith |
| 21:04 | Create | Villager (Male) |
| 21:14 | Research | War Galley (upgrade) |
| 21:38 | Create | Villager (Male) |
| 21:53 | Build | Town Center |
| 22:09 | Build | Stable |
| 22:11 | Create | Villager (Male) |
| 22:14 | Research | Hand Cart |
| 22:17 | Research | Bow Saw |
| 22:21 | Research | Scale Barding Armor |
| 22:30 | Build | Farm |
| 22:31 | Build | Farm |
| 22:49 | Create | Knight |
| 23:21 | Create | Villager (Male) |
| 23:31 | Build | Farm |
| 23:32 | Build | Farm |
| 23:33 | Build | Farm |
| 23:36 | Create | Villager (Male) |
| 23:36 | Create | Villager (Male) |
| 23:37 | Create | Villager (Male) |
| 23:44 | Build | Farm |
| 23:45 | Build | Farm |
| 23:46 | Build | Farm |
| 23:48 | Build | Farm |
| 23:49 | Build | Farm |
| 23:54 | Build | Farm |
| 23:58 | Create | Fishing Ship |
| 24:03 | Create | Fishing Ship |
| 24:07 | Create | Fishing Ship |
| 24:10 | Research | Tech 906 |
| 24:13 | Create | Villager (Male) |
| 24:17 | Build | Farm |
| 24:23 | Create | Knight |
| 24:25 | Create | Knight |
| 24:37 | Build | Stable |
| 24:38 | Build | Stable |
| 24:42 | Build | Stable |
| 24:49 | Create | Villager (Male) |
| 24:49 | Create | Villager (Male) |
| 24:56 | Build | Mining Camp |
| 25:02 | Build | Lumber Camp |
| 25:35 | Create | Villager (Male) |
| 25:36 | Create | Villager (Male) |
| 25:42 | Create | Knight |
| 25:43 | Create | Knight |
| 25:51 | Research | Chain Barding Armor |
| 26:09 | Create | Villager (Male) |
| 26:10 | Create | Villager (Male) |
| 26:10 | Create | Villager (Male) |
| 26:11 | Create | Villager (Male) |
| 26:11 | Create | Villager (Male) |
| 26:16 | Create | Knight |
| 26:20 | Create | Knight |
| 26:57 | Build | House |
| 26:58 | Build | House |
| 26:58 | Build | House |
| 26:59 | Build | House |
| 27:00 | Build | House |
| 27:01 | Build | House |
| 27:03 | Build | House |
| 27:48 | Create | Villager (Male) |
| 28:01 | Build | Siege Workshop |
| 28:42 | Create | Villager (Male) |
| 28:42 | Create | Villager (Male) |
| 28:43 | Create | Villager (Male) |
Build order — Bristlak z teba narobi pretlak
First 150 of 300 actions detected
| 0:04 | Build | House |
| 0:05 | Build | House |
| 0:06 | Build | House |
| 0:08 | Build | House |
| 0:09 | Create | Villager (Male) |
| 0:09 | Create | Villager (Male) |
| 0:10 | Create | Villager (Male) |
| 0:50 | Create | Villager (Male) |
| 0:50 | Create | Villager (Male) |
| 1:52 | Create | Villager (Male) |
| 2:08 | Research | Loom |
| 2:33 | Create | Villager (Male) |
| 2:33 | Create | Villager (Male) |
| 3:13 | Create | Villager (Male) |
| 4:11 | Create | Villager (Male) |
| 4:12 | Create | Villager (Male) |
| 4:12 | Create | Villager (Male) |
| 4:50 | Build | Dock |
| 4:53 | Create | Villager (Male) |
| 4:53 | Create | Villager (Male) |
| 5:31 | Create | Villager (Male) |
| 5:49 | Create | Fishing Ship |
| 5:53 | Create | Villager (Male) |
| 6:29 | Create | Villager (Male) |
| 6:41 | Create | Villager (Male) |
| 7:09 | Build | Lumber Camp |
| 7:20 | Create | Villager (Male) |
| 7:40 | Create | Fishing Ship |
| 7:40 | Create | Fishing Ship |
| 7:56 | Build | House |
| 8:19 | Create | Fishing Ship |
| 8:42 | Create | Villager (Male) |
| 8:43 | Create | Villager (Male) |
| 8:43 | Create | Villager (Male) |
| 8:43 | Create | Villager (Male) |
| 8:53 | Create | Villager (Male) |
| 9:03 | Create | Fishing Ship |
| 9:05 | Create | Fishing Ship |
| 9:40 | Build | Mill |
| 10:04 | Build | House |
| 10:15 | Research | Feudal Age |
| 10:35 | Create | Fishing Ship |
| 11:30 | Create | Fishing Ship |
| 12:03 | Create | Villager (Male) |
| 12:28 | Age | Feudal Age |
| 12:47 | Build | Mining Camp |
| 12:50 | Create | Villager (Male) |
| 12:51 | Create | Villager (Male) |
| 13:00 | Create | Fire Galley |
| 13:36 | Build | Stone Wall |
| 13:42 | Build | Gate |
| 13:47 | Build | Stone Wall |
| 14:14 | Build | Blacksmith |
| 14:20 | Build | Market |
| 14:22 | Create | Villager (Male) |
| 14:22 | Create | Villager (Male) |
| 14:22 | Create | Villager (Male) |
| 14:56 | Build | House |
| 14:57 | Build | House |
| 15:43 | Research | Castle Age |
| 15:43 | Research | Castle Age |
| 16:03 | Build | Stone Wall |
| 16:19 | Build | Mining Camp |
| 16:36 | Create | Unit 2626 |
| 16:36 | Create | Unit 2626 |
| 17:21 | Build | Stone Wall |
| 17:51 | Create | Villager (Male) |
| 17:51 | Create | Villager (Male) |
| 18:19 | Build | Stone Wall |
| 18:28 | Build | Stone Wall |
| 18:30 | Age | Castle Age |
| 18:36 | Create | Villager (Male) |
| 18:36 | Create | Villager (Male) |
| 18:57 | Create | Galley |
| 18:58 | Create | Galley |
| 19:08 | Create | Villager (Male) |
| 19:11 | Research | Wheelbarrow |
| 19:23 | Build | Monastery |
| 19:36 | Create | Villager (Male) |
| 19:49 | Build | Town Center |
| 19:53 | Create | Villager (Male) |
| 20:07 | Build | Gate |
| 20:14 | Create | Monk |
| 20:42 | Research | Fletching |
| 20:47 | Research | Horse Collar |
| 20:53 | Research | Double-Bit Axe |
| 21:36 | Research | Heavy Plow |
| 21:47 | Build | Lumber Camp |
| 21:59 | Build | Farm |
| 22:02 | Build | Farm |
| 22:02 | Create | Villager (Male) |
| 22:02 | Create | Villager (Male) |
| 22:07 | Build | Farm |
| 22:10 | Build | Farm |
| 22:17 | Build | Farm |
| 22:30 | Create | Villager (Male) |
| 22:44 | Build | Farm |
| 23:43 | Create | Villager (Male) |
| 23:43 | Create | Villager (Male) |
| 23:51 | Build | Farm |
| 23:59 | Build | Castle |
| 24:47 | Build | House |
| 24:48 | Build | House |
| 24:49 | Build | House |
| 24:50 | Create | Villager (Male) |
| 24:50 | Create | Villager (Male) |
| 25:08 | Create | Villager (Male) |
| 25:08 | Create | Villager (Male) |
| 25:13 | Build | Farm |
| 25:16 | Build | Farm |
| 25:39 | Create | Mangudai |
| 25:39 | Create | Mangudai |
| 25:45 | Build | Farm |
| 25:49 | Build | Farm |
| 25:56 | Build | Farm |
| 26:01 | Create | Villager (Male) |
| 26:01 | Create | Villager (Male) |
| 26:08 | Build | Farm |
| 26:09 | Build | Farm |
| 26:18 | Build | Farm |
| 26:24 | Create | Villager (Male) |
| 26:25 | Create | Villager (Male) |
| 26:41 | Build | Market |
| 26:52 | Research | Caravan |
| 26:52 | Create | Trade Cart |
| 26:52 | Create | Trade Cart |
| 26:53 | Create | Trade Cart |
| 27:20 | Build | Mining Camp |
| 28:37 | Create | Villager (Male) |
| 28:37 | Create | Villager (Male) |
| 28:46 | Build | Castle |
| 29:40 | Research | Imperial Age |
| 29:40 | Research | Imperial Age |
| 30:07 | Create | Mangudai |
| 30:07 | Create | Mangudai |
| 30:07 | Create | Mangudai |
| 30:17 | Build | Barracks |
| 30:20 | Create | Villager (Male) |
| 30:20 | Create | Villager (Male) |
| 30:29 | Create | Villager (Male) |
| 30:30 | Create | Villager (Male) |
| 30:52 | Research | Bodkin Arrow |
| 31:01 | Build | Farm |
| 31:10 | Build | Farm |
| 31:11 | Build | Farm |
| 31:12 | Build | Farm |
| 31:29 | Build | Castle |
| 31:37 | Build | Archery Range |
| 31:44 | Build | Stable |
| 31:48 | Research | Padded Archer Armor |
Build order — monchitopsico
First 150 of 208 actions detected
| 0:05 | Build | House |
| 0:06 | Build | House |
| 0:07 | Create | Villager (Male) |
| 0:07 | Create | Villager (Male) |
| 0:08 | Create | Villager (Male) |
| 0:08 | Create | Villager (Male) |
| 1:46 | Create | Villager (Male) |
| 1:54 | Build | Lumber Camp |
| 2:33 | Create | Villager (Male) |
| 2:34 | Create | Villager (Male) |
| 3:12 | Create | Villager (Male) |
| 3:45 | Create | Villager (Male) |
| 3:50 | Create | Villager (Male) |
| 3:55 | Research | Loom |
| 3:56 | Create | Villager (Male) |
| 4:22 | Build | House |
| 4:24 | Build | House |
| 4:25 | Build | House |
| 4:41 | Create | Villager (Male) |
| 5:19 | Build | Dock |
| 5:36 | Create | Villager (Male) |
| 5:37 | Create | Villager (Male) |
| 5:37 | Create | Villager (Male) |
| 6:45 | Create | Villager (Male) |
| 7:13 | Build | Mill |
| 7:21 | Create | Villager (Male) |
| 7:21 | Create | Villager (Male) |
| 7:22 | Create | Villager (Male) |
| 7:46 | Build | Farm |
| 7:57 | Create | Villager (Male) |
| 8:02 | Create | Fishing Ship |
| 8:20 | Create | Villager (Male) |
| 9:12 | Create | Villager (Male) |
| 9:13 | Create | Villager (Male) |
| 9:15 | Create | Villager (Male) |
| 9:16 | Create | Villager (Male) |
| 9:38 | Research | Feudal Age |
| 9:55 | Build | Barracks |
| 10:23 | Build | Mining Camp |
| 10:47 | Build | House |
| 11:01 | Create | Fishing Ship |
| 11:01 | Create | Fishing Ship |
| 11:29 | Build | Farm |
| 11:34 | Create | Villager (Male) |
| 11:34 | Create | Villager (Male) |
| 11:48 | Age | Feudal Age |
| 11:50 | Build | House |
| 12:05 | Build | Stable |
| 12:47 | Build | House |
| 13:11 | Build | Lumber Camp |
| 13:20 | Create | Villager (Male) |
| 13:20 | Create | Villager (Male) |
| 13:38 | Create | Villager (Male) |
| 13:39 | Create | Villager (Male) |
| 14:02 | Build | Blacksmith |
| 14:11 | Build | Palisade Wall |
| 14:16 | Build | Palisade Gate |
| 14:28 | Create | Villager (Male) |
| 14:29 | Create | Villager (Male) |
| 14:42 | Research | Double-Bit Axe |
| 15:09 | Create | Villager (Male) |
| 15:16 | Research | Castle Age |
| 15:32 | Build | Mining Camp |
| 15:51 | Build | Farm |
| 15:57 | Research | Horse Collar |
| 16:02 | Research | Gold Mining |
| 16:12 | Build | Farm |
| 16:14 | Build | Farm |
| 16:15 | Build | Farm |
| 16:49 | Build | House |
| 16:55 | Build | Farm |
| 17:05 | Create | Villager (Male) |
| 17:23 | Build | Palisade Wall |
| 17:27 | Build | Palisade Gate |
| 17:51 | Build | Palisade Wall |
| 18:05 | Age | Castle Age |
| 18:14 | Create | Villager (Male) |
| 18:14 | Create | Villager (Male) |
| 18:19 | Create | Knight |
| 18:20 | Create | Knight |
| 18:26 | Create | Villager (Male) |
| 18:43 | Build | Town Center |
| 18:49 | Build | Palisade Gate |
| 19:35 | Create | Knight |
| 19:45 | Build | Stable |
| 19:47 | Research | Scale Barding Armor |
| 20:10 | Create | Knight |
| 20:14 | Create | Spearman |
| 20:15 | Create | Spearman |
| 20:20 | Create | Villager (Male) |
| 20:20 | Create | Villager (Male) |
| 20:21 | Create | Villager (Male) |
| 20:39 | Create | Villager (Male) |
| 20:54 | Build | House |
| 20:56 | Build | House |
| 20:57 | Build | House |
| 21:10 | Build | House |
| 21:11 | Build | House |
| 21:12 | Build | House |
| 21:18 | Build | House |
| 21:25 | Build | House |
| 21:26 | Build | House |
| 21:28 | Build | House |
| 21:29 | Build | House |
| 21:30 | Build | House |
| 21:31 | Build | House |
| 21:33 | Build | House |
| 21:37 | Build | Palisade Wall |
| 21:42 | Create | Villager (Male) |
| 21:43 | Create | Villager (Male) |
| 21:44 | Create | Villager (Male) |
| 21:45 | Create | Villager (Male) |
| 21:58 | Create | Knight |
| 22:17 | Build | House |
| 22:34 | Build | Farm |
| 22:37 | Create | Villager (Male) |
| 22:38 | Create | Villager (Male) |
| 22:38 | Create | Villager (Male) |
| 22:41 | Build | Farm |
| 23:07 | Build | Farm |
| 23:12 | Build | Farm |
| 23:15 | Create | Villager (Male) |
| 23:15 | Create | Villager (Male) |
| 23:15 | Create | Villager (Male) |
| 23:25 | Build | Farm |
| 23:36 | Build | Farm |
| 23:46 | Build | House |
| 23:47 | Build | House |
| 23:57 | Build | Palisade Wall |
| 24:06 | Build | Farm |
| 24:08 | Build | Farm |
| 24:12 | Create | Villager (Male) |
| 24:12 | Create | Villager (Male) |
| 24:17 | Build | Farm |
| 24:20 | Build | Farm |
| 24:23 | Create | Villager (Male) |
| 24:29 | Create | Villager (Male) |
| 24:30 | Create | Villager (Male) |
| 24:30 | Create | Villager (Male) |
| 24:31 | Create | Villager (Male) |
| 24:38 | Build | Lumber Camp |
| 24:43 | Build | House |
| 24:44 | Build | House |
| 24:48 | Build | House |
| 25:11 | Build | Castle |
| 25:18 | Build | Farm |
| 25:20 | Create | Villager (Male) |
| 25:20 | Create | Villager (Male) |
| 25:26 | Create | Knight |
| 25:26 | Create | Knight |
Match timeline
| 4:50 | Bristlak z teba narobi pretlak · first_building Dock |
| 4:55 | moro2112 · first_building Dock |
| 5:19 | monchitopsico · first_building Dock |
| 7:49 | masPoChlebe · first_building Barracks |
| 9:16 | El Fantástico Ralph · first_building Dock |
| 9:55 | monchitopsico · first_building Barracks |
| 11:02 | El Fantástico Ralph · age_up feudal |
| 11:16 | masPoChlebe · age_up feudal |
| 11:30 | masPoChlebe · first_building Archery Range |
| 11:36 | moro2112 · first_building Barracks |
| 11:48 | monchitopsico · age_up feudal |
| 12:05 | monchitopsico · first_building Stable |
| 12:28 | Bristlak z teba narobi pretlak · age_up feudal |
| 12:42 | Bydeath · age_up feudal |
| 12:49 | masPoChlebe · wall_segment Palisade Wall x15 |
| 12:54 | masPoChlebe · wall_segment Palisade Wall x8 |
| 12:58 | masPoChlebe · wall_segment Palisade Wall x6 |
| 13:14 | Bydeath · first_building Barracks |
| 13:36 | Bristlak z teba narobi pretlak · wall_segment Stone Wall x10 |
| 13:37 | moro2112 · first_building Stable |
| 13:45 | Bydeath · first_building Donjon |
| 13:47 | Bristlak z teba narobi pretlak · wall_segment Stone Wall x5 |
| 14:11 | monchitopsico · wall_segment Palisade Wall x6 |
| 14:56 | El Fantástico Ralph · first_building Barracks |
| 15:36 | Bristlak z teba narobi pretlak · first_market_sell 100 wood |
| 16:03 | Bristlak z teba narobi pretlak · wall_segment Stone Wall x15 |
| 16:09 | masPoChlebe · first_market_sell 100 food |
| 16:10 | masPoChlebe · first_market_buy 100 wood |
| 17:21 | Bristlak z teba narobi pretlak · wall_segment Stone Wall x11 |
| 17:23 | monchitopsico · wall_segment Palisade Wall x25 |
| 17:51 | monchitopsico · wall_segment Palisade Wall x36 |
| 18:05 | monchitopsico · age_up castle |
| 18:05 | masPoChlebe · wall_segment Palisade Wall x12 |
| 18:18 | El Fantástico Ralph · first_building Stable |
| 18:18 | masPoChlebe · wall_segment Palisade Wall x5 |
| 18:19 | Bristlak z teba narobi pretlak · wall_segment Stone Wall x8 |
| 18:24 | masPoChlebe · wall_segment Palisade Wall x4 |
| 18:26 | masPoChlebe · wall_segment Palisade Wall x2 |
| 18:28 | Bristlak z teba narobi pretlak · wall_segment Stone Wall x7 |
| 18:30 | Bristlak z teba narobi pretlak · age_up castle |
| 19:23 | Bristlak z teba narobi pretlak · first_building Monastery |
| 20:19 | El Fantástico Ralph · age_up castle |
| 21:37 | monchitopsico · wall_segment Palisade Wall x2 |
| 21:52 | masPoChlebe · age_up castle |
| 22:15 | Bydeath · age_up castle |
| 22:38 | El Fantástico Ralph · first_building Siege Workshop |
| 23:47 | El Fantástico Ralph · first_building Castle |
| 23:57 | monchitopsico · wall_segment Palisade Wall x1 |
| 23:59 | Bristlak z teba narobi pretlak · first_building Castle |
| 25:11 | monchitopsico · first_building Castle |
| 25:45 | Bydeath · first_building Siege Workshop |
| 26:12 | monchitopsico · first_building Archery Range |
| 26:42 | monchitopsico · first_building Monastery |
| 28:01 | moro2112 · first_building Siege Workshop |
| 28:04 | El Fantástico Ralph · first_market_sell 100 food |
| 28:48 | monchitopsico · first_building Siege Workshop |
| 30:09 | monchitopsico · wall_segment Stone Wall x18 |
| 30:17 | Bristlak z teba narobi pretlak · first_building Barracks |
| 30:49 | masPoChlebe · first_building Monastery |
| 31:37 | Bristlak z teba narobi pretlak · first_building Archery Range |
| 31:44 | Bristlak z teba narobi pretlak · first_building Stable |
| 31:56 | moro2112 · first_building Castle |
| 32:21 | Bydeath · first_building Castle |
| 32:22 | moro2112 · first_market_sell 100 wood |
| 32:50 | Bristlak z teba narobi pretlak · age_up imperial |
| 33:33 | monchitopsico · age_up imperial |
| 34:26 | monchitopsico · resign |
| 34:57 | masPoChlebe · first_building Castle |
| 38:45 | Bydeath · first_building Monastery |
| 39:06 | Bydeath · first_building Stable |
| 39:14 | masPoChlebe · first_building Siege Workshop |
| 43:14 | Bydeath · age_up imperial |
| 48:28 | masPoChlebe · age_up imperial |
[ AI ANALYSIS · 1 CREDIT ]
What really happened in this match?
Wolo.gg analyzes every decision: build order, eco, micro, common mistakes by bracket. Personalized analysis on WhatsApp or Discord in 30 seconds.
Civ guide
Saracens
Map guide
Mediterranean
Perfil
Jugador #10794853